← All builds
Suicide front / Armada / Factory first / OBSERVED BUILD

Standard suicide front

Armada Suicide front build order · Supreme Isthmus

The role's baseline: Bot Lab at 0:21 then straight into reclaim-fed T1 bot production to contest the middle and hold until T2 arrives, with an Advanced Metal Extractor around 9:45.

#rush · 2245 distinct matches · 261 players · 72% of Armada Suicide front games · team won 59% of 2635 · Recently observed

HOW TO PLAY IT

Key timing: Bot Lab by 0:20

  1. Open with mex and lab-first to get Bot Lab up by 0:20.
  2. Expand mex and wind while lab pumps units toward middle.
  3. Push Sentry and early Rocketeer, Centurion to contest middle.
  4. Get T2 constructor out once Pond's boost lets you spare metal.
  5. Upgrade mex to Advanced Metal Extractor as you transition off T1 spam.

Phase by phase

TYPICAL OF ITS 2245 GAMES
  1. 1
  2. 2
  3. 3
PLAY THE OPENING

Follow the example game's first 6:00 step by step: what to build now, what comes next, and where it goes. At 1× it keeps pace with your own game.

  1. 1

    Bot Lab first

    Order
    1. Bot LabBot Lab done ~0:26, middle half 0:20–0:33

    Some games also: mex (47%)

  2. 2

    Bot Lab to 5:00

    Economy
    • Metal Extractor5Mex
    • Wind Turbine4Wind
    Builders
    • Construction Bot3 Con bot
    • Lazarus2 Lazarus
    Army
    • Sentry4 Sentry
    • Rocketeer16 Rocketeer
    • Tick2 Tick
    • Centurion1 Centurion
    Other
    • Radar Tower1 Radar Tower

    Some games also: pawn (39%) · con turret (34%)

    By 5:00 in all: 5 mex · 4 wind

    The example game in this phase · 31 steps
    1. TickTick ×2
    2. LazarusLazarus
    3. Construction BotCon bot
    4. SentrySentry
    5. Mex
    6. CenturionCenturion
    7. Construction BotCon bot
    8. SentrySentry
    9. CenturionCenturion
    10. SentrySentry
    11. Construction BotCon bot
    12. RocketeerRocketeer ×4
    13. Mex
    14. RocketeerRocketeer
    15. TickTick
    16. LazarusLazarus
    17. Mex ×2
    18. Radar TowerRadar Tower
    19. CenturionCenturion
    20. Mex
    21. OverwatchOverwatch
    22. RocketeerRocketeer
    23. Wind
    24. SentrySentry
    25. RocketeerRocketeer ×2
    26. Wind
    27. RocketeerRocketeer ×3
    28. Wind
    29. TickTick
    30. LazarusLazarus
    31. CenturionCenturion
  3. 3

    5:00 to 10:00

    Economy
    • Metal Extractor1Mex
    • Wind Turbine15Wind
    Builders
    • Construction Turret2 Con turret
    • Lazarus2 Lazarus
    • Construction Bot1 Con bot
    Army
    • Sentry1 Sentry
    • Rocketeer8 Rocketeer

    Some games also: pawn (48%) · Radar Tower (46%) · centurion (44%) · tick (43%) · energy storage (42%) · eat Bot Lab (31%)

    By 10:00 in all: 6 mex · 21 wind · 1 energy storage · 2 con turret

    The example game in this phase · 38 steps
    1. Wind ×2
    2. LazarusLazarus
    3. Wind
    4. CenturionCenturion
    5. LazarusLazarus
    6. Wind ×2
    7. CenturionCenturion ×2
    8. Wind
    9. LazarusLazarus
    10. CenturionCenturion
    11. SentrySentry
    12. CenturionCenturion
    13. Wind
    14. LazarusLazarus
    15. CenturionCenturion
    16. Energy storage
    17. Mex
    18. Bot LabBot Labdone 9:11
    19. BeamerBeamer
    20. PawnPawn
    21. BeamerBeamer
    22. Con turret
    23. BeamerBeamer
    24. Con turret
    25. BeamerBeamer
    26. Radar TowerRadar Tower
    27. BeamerBeamer
    28. Bot LabBot Labdone 12:35
    29. Converter ×3
    30. PawnPawn
    31. Converter
    32. PawnPawn ×2
    33. Converter
    34. PawnPawn
    35. Converter ×2
    36. PawnPawn ×5
    37. JunoJuno
    38. PawnPawn ×4

Counts are medians over the build's games: half of them build more, half fewer. The example game is Soliloqueur's (40 OS, 15/10/2026); pick another.

Team trades

IN AT LEAST 30% OF ITS GAMES

You hand over

Nothing regular.

You get

  • Tidal Generator4 Tidal from Pondfirst at 0:11 · in 68% of games
  • Advanced Construction Bot1 T2 con bot from Geo or Techfirst at 7:45 · in 57% of games

How it plays out

Typical game of this build, running totals by minute

Metal produced

010k20k
0:005:0010:0015:00

metal

Enemy metal destroyed

05k10k
0:005:0010:0015:00

metal

Own metal lost

05k10k
0:005:0010:0015:00

metal

2635 games.

Show as table
ByMetal produced: This buildEnemy metal destroyed: This buildOwn metal lost: This build
1:0023000
2:0088700
3:002006193130
4:003105646502
5:0041861357990
6:00535222011677
7:00654530812547
8:00775239633443
9:00903447304337
10:001040053465119
11:001185058925901
12:001353664446633
13:001533969177393
14:001720375528179
15:001915081878947
WHAT THE NUMBERS SAY

Standard Suicide front play wins a bit over half its games while taking the heaviest own losses of any role by 15:00.

  • + Produces 20142 metal by 15:00, highest of the front roles.
  • + First kill by 2:01 in all games, fastest contest of middle.
  • − Own metal lost hits 9178 by 15:00, more than enemy metal destroyed.
  • − Only 34% Rocketeer share shows army spread thin across many bot types.
THE EXAMPLE YOU ARE READING

Soliloqueur

40.0 OS · 15/10/2026

Open source match ↗

7 received units
61 metal received · 15987 energy received

Allied construction assistance is unknown. Timings are observations, not a promise of solo reproducibility.

Typical milestones

Bot Lab0:26Middle 50%: 0:20–0:33 · n=2626
Advanced Metal Extractor9:49Middle 50%: 8:52–11:00 · n=1888

Played most by

_X_265games of this buildPlatinumBlonde188games of this buildXad165games of this buildTrapCaT112games of this buildSoliloqueur81games of this build